 Dungeon Crawl Stone Soup version 0.20.0-10-g0535bb4 (webtiles) character file.

152 grindst0ne the Skirmisher (level 5, -1/36 HPs)
             Began as a Gargoyle Fighter on June 3, 2017.
             Slain by an orc priest
             ... wielding a +0 whip of draining
              (2 damage)
             ... on level 3 of the Dungeon.
             The game lasted 00:02:46 (2233 turns).

grindst0ne the Skirmisher (Gargoyle Fighter)        Turns: 2233, Time: 00:02:47

Health: -1/36      AC: 12    Str: 20    XL:     5   Next: 34%
Magic:  5/5        EV:  7    Int:  8    God:
Gold:   178        SH:  9    Dex: 10    Spells: 4/4 levels left

rFire    . . .     SeeInvis .   a - +0 war axe
rCold    . . .     Gourm    .   c - +0 shield
rNeg     + . .     Faith    .   b - +0 scale mail
rPois    ∞         Spirit   .   (no helmet)
rElec    +         Reflect  .   (no cloak)
rCorr    .         Harm     .   (no gloves)
MR       .....                  k - +0 pair of boots
Stlth    ..........             (no amulet)
Regen    0.2/turn               (no ring)
MPRegen  0.1/turn               (no ring)

@: no status effects
A: negative energy resistance 1, electricity resistance, unbreathing,
petrification resistance, rot immunity, AC +4
a: no special abilities


You were on level 3 of the Dungeon.
You were not hungry.

You visited 1 branch of the dungeon, and saw 3 of its levels.

You collected 178 gold pieces.

Inventory:

Hand Weapons
 a - a +0 war axe (weapon)
Armour
 b - a +0 scale mail (worn)
 c - a +0 shield (worn)
 k - a +0 pair of boots (worn)
Jewellery
 g - an uncursed ring of magical power {unknown}
Scrolls
 h - 5 scrolls of remove curse {unknown}
 i - 4 scrolls of identify {unknown}
 j - a scroll of enchant armour {unknown}
 n - 3 scrolls of teleportation {unknown}
 o - a scroll of recharging {unknown}
Potions
 d - a potion of might
 e - 3 potions of flight {unknown}
 l - a potion of curing {unknown}
 q - a potion of heal wounds {unknown}
Comestibles
 f - 2 bread rations
 m - 3 meat rations


   Skills:
 - Level 6.0 Fighting
 - Level 1.7 Axes
 + Level 3.9 Armour
 - Level 3.2 Shields


You had 4 spell levels left.
You didn't know any spells.

Dungeon Overview and Level Annotations

Branches:
Dungeon (3/15)

Altars:
Ashenzari
Qazlal


Innate Abilities, Weirdness & Mutations

You are resistant to torment.
Your stone body is resilient. (AC +4)
You are immune to poison.
You resist negative energy. (rN+)
You are resistant to electric shocks. (rElec)
You can survive without breathing.
You are immune to petrification.
You are immune to rotting.


Message History

You hit the orc priest.
The orc priest is heavily wounded.
The orc priest hits you but does no damage.
You barely miss the orc priest.
The orc priest is heavily wounded.
The orc priest hits you but does no damage.
The orc priest looks satisfied for a moment.
You closely miss the orc priest.
The orc priest is heavily wounded.
The orc priest mumbles some strange prayers to Beogh against you.
Beogh smites you!
* * * LOW HITPOINT WARNING * * *
You block the orc priest's attack.
You hit the orc priest.
The orc priest is heavily wounded.
You block the orc priest's attack.
Your shield and scale mail prevent you from hitting the orc priest.
The orc priest is heavily wounded.
The orc priest hits you with a whip of draining.
You die...

#.###.....## ####.####
##.##.......###.......#
##.#.........##.#...#.#
...'.........'.)......#
...#.........##.#...#.#
.####.......###.##....#
.# ##.....## #.####..#
.# ##...## #.####..# .#
##'## #)@o....# .# #.#
######.## .# ####.#
#########.# .#
#....###......<..#
#####........#########
...........###
#######...## ##.## #.#


You could see an orc priest.

Vanquished Creatures
  An orc priest (D:3)
  5 adders
  A dart slug (D:1)
  A leopard gecko (D:3)
  7 orcs (D:3)
  2 giant cockroaches
  8 goblins
  5 hobgoblins
  3 jackals (D:2)
  4 quokkas
  11 bats
  6 frilled lizards
  9 kobolds
  6 rats
69 creatures vanquished.

Vanquished Creatures (others)
  A worm (D:2)
1 creature vanquished.

Grand Total: 70 creatures vanquished

Notes
Turn   | Place    | Note
-------+----------+-------------------------------------------
     0 | D:1      | grindst0ne the Gargoyle Fighter began the quest for the Orb.
     0 | D:1      | Reached XP level 1. HP: 14/14 MP: 1/1
   191 | D:1      | Reached XP level 2. HP: 20/20 MP: 2/2
   256 | D:1      | Reached skill level 4 in Fighting
   347 | D:1      | Found a shattered altar of Ashenzari.
   627 | D:2      | Reached XP level 3. HP: 22/24 MP: 3/3
   718 | D:2      | Reached skill level 5 in Fighting
   887 | D:2      | Reached XP level 4. HP: 31/31 MP: 4/4
  1275 | D:2      | Found a stormy altar of Qazlal.
  2130 | D:3      | Reached skill level 6 in Fighting
  2130 | D:3      | Reached XP level 5. HP: 36/36 MP: 5/5
  2231 | D:3      | HP: 1/36 [orc priest/divine providence (12)]
  2233 | D:3      | Slain by an orc priest

Skill      XL: |  1  2  3  4 |
---------------+-------------+-----
Fighting       | 4 5 6 |  6.0
Axes           | |  1.7
Armour         | |  3.9
Shields        | |  3.2

Action                   |  1- 3 |  4- 6 || total
-------------------------+-------+-------++-------
Melee: War axe           |    94 |   135 ||   229
  Eat: Chunk             |       |     5 ||     5
Armor: Scale mail        |    64 |   100 ||   164
Dodge: Dodged            |    46 |    72 ||   118
Block: Shield            |    62 |   107 ||   169
